 Dungeon Crawl Stone Soup version 0.30.0 (webtiles) character file.

Game seed: 2874140042097830790

1881250 Draconius the Slayer (level 27, 190/190 HPs)
             Began as a Gargoyle Conjurer on Oct 13, 2023.
             Was the Champion of Vehumet.
             Escaped with the Orb
             ... and 3 runes on Oct 14, 2023!
             The game lasted 03:57:07 (54532 turns).

Draconius the Slayer (Gargoyle Conjurer)           Turns: 54532, Time: 03:57:07

Health: 190/190    AC: 34    Str: 13      XL:     27
Magic:  67/67      EV: 13    Int: 48      God:    Vehumet [******]
Gold:   3447       SH:  9    Dex: 11 (13) Spells: 9/68 levels left

rFire   + + +        Y - +9 whip of the Doomed Warrior {flame, *Slow rElec Dex+4 SInv}
rCold   + + .        g - +3 buckler {rC+ rF+}
rNeg    + . .        m - +2 robe {Archmagi}
rPois   ∞            w - +3 hat of Pondering {ponderous, Will+ MP+10 Int+5}
rElec   +            I - scarf {rC+ rF+}
rCorr   .            u - +2 pair of gloves
SInv    +            R - +2 pair of boots of Tidusok {rF+ Int+3}
Will    ++++.        P - amulet of magic regeneration
Stlth   +            W - +6 ring of intelligence
HPRegen 0.51/turn    Q - ring of the Open Hand {Will+ MP+9 Str+4 Stlth+}
MPRegen 0.80/turn

%: random rage (3%), slow self (1%), archmagi
@: flying, studying Ranged Weapons, slow
A: sickness immunity, AC +20, big wings, negative energy resistance 1,
electricity resistance, torment resistance 1, petrification resistance, berserk
1, clever 1, screaming 1, weak 1
0: Orb of Zot
}: 3/15 runes: decaying, serpentine, silver
a: Renounce Religion


You escaped.
You worshipped Vehumet.
Vehumet was exalted by your worship.
You visited 9 branches of the dungeon, and saw 45 of its levels.
You also visited: Bailey and Ice Cave.

You collected 7503 gold pieces.
You spent 4056 gold pieces at shops.

Inventory:

Hand Weapons
 Y - the +9 whip of the Doomed Warrior (weapon) {flame, *Slow rElec Dex+4 SInv}
   (You found it on level 13 of the Dungeon)

   Dex:       It affects your dexterity (+4).
   rElec:     It insulates you from electricity.
   SInv:      It lets you see invisible.
   *Slow:     It may slow you when you take damage.
Armour
 g - a +3 buckler of resistance (worn)
 m - a +2 robe of the Archmagi (worn)
 u - a +2 pair of gloves (worn)
 w - the +3 hat of Pondering (worn) {ponderous, Will+ MP+10 Int+5}
   (You found it on level 4 of the Vaults)

   Int:       It affects your intelligence (+5).
   MP:        It affects your magic capacity (+10).
   Will:      It increases your willpower.
 I - a scarf of resistance (worn)
 R - the +2 pair of boots of Tidusok (worn) {rF+ Int+3}
   (You found it on level 5 of the Vaults)

   Int:       It affects your intelligence (+3).
   rF:        It protects you from fire.
Magical Staves
 v - the staff of earth "Juggakasu" {rElec Will+}
   (You found it on level 5 of the Vaults)

   [staff of earth]

   Base accuracy: +5 Base damage: 5 Base attack delay: 1.2 This weapon's minimum
   attack delay (0.6) is reached at skill level 12.
   rElec:     It insulates you from electricity.
   Will:      It increases your willpower.
   It falls into the 'Staves' category.
   It is a one-handed weapon.
Jewellery
 p - an amulet of reflection
 D - a ring of see invisible
 L - the ring of Fapikat {Will+ Str+6 Int+3}
   (You found it on level 5 of the Vaults)

   [ring of strength]

   Str:       It affects your strength (+6).
   Int:       It affects your intelligence (+3).
   Will:      It increases your willpower.
 P - an amulet of magic regeneration (around neck)
 Q - the ring of the Open Hand (right hand) {Will+ MP+9 Str+4 Stlth+}
   (You bought it in a shop on level 4 of the Vaults)

   [ring of magical power]

   Str:       It affects your strength (+4).
   MP:        It affects your magic capacity (+9).
   Will:      It increases your willpower.
   Stlth:     It makes you more stealthy.
 T - a ring of wizardry
 W - a +6 ring of intelligence (left hand)
Wands
 l - a wand of paralysis (38)
 s - a wand of polymorph (10)
 t - a wand of iceblast (54)
 y - a wand of flame (65)
 G - a wand of mindburst (36)
 O - a wand of quicksilver (17)
 U - a wand of digging (20)
Scrolls
 d - 10 scrolls of fog
 e - 9 scrolls of immolation
 h - 3 scrolls of magic mapping
 j - 13 scrolls of enchant weapon
 k - 10 scrolls of blinking
 r - 4 scrolls of amnesia
 C - 7 scrolls of vulnerability
 F - 3 scrolls of brand weapon
 K - 26 scrolls of teleportation
 S - 7 scrolls of fear
 V - 6 scrolls of butterflies
 X - 3 scrolls of enchant armour
 Z - 8 scrolls of poison
Potions
 b - 4 potions of lignification
 c - 2 potions of magic
 f - 9 potions of heal wounds
 i - 11 potions of attraction
 n - 4 potions of cancellation
 z - 9 potions of mutation
 A - 4 potions of invisibility
 B - 8 potions of brilliance
 E - 15 potions of curing
 H - 6 potions of berserk rage
 J - 10 potions of ambrosia
 M - 9 potions of might
 N - 2 potions of haste
Miscellaneous
 a - a phial of floods
 o - a lightning rod (4/4)
 q - a phantom mirror
 x - a box of beasts


   Skills:
 + Level 24.2 Fighting
 - Level 4.0 Armour
 - Level 5.0 Dodging
 - Level 2.1 Stealth
 - Level 10.0 Shields
 + Level 21.4 Spellcasting
 - Level 19.0 Conjurations
 - Level 4.0 Hexes
 - Level 4.0 Translocations
 - Level 2.0 Transmutations
 - Level 5.0 Fire Magic
 * Level 15.1 Air Magic
 - Level 23.0 Earth Magic
 - Level 10.0 Evocations


You had 9 spell levels left.
You knew the following spells:

 Your Spells              Type           Power      Damage    Failure   Level
a - Maxwell's Capacitive  Air            69%        ∞         1%          8
b - Shatter               Erth           79%        3d58*     1%          9
c - Iskenderun's Mystic   Conj/Tloc      100%       2d19      1%          4
d - Lehudib's Crystal Sp  Conj/Erth      77%        10d17     1%          8
e - Spellforged Servitor  Conj/Summ      59%        N/A       1%          7
f - Freezing Cloud        Conj/Ice/Air   63%        6-21      1%          5
g - Swiftness             Air            100%       N/A       0%          3
h - Irradiate             Conj/Tmut      61%        3d32      1%          5
i - Iskenderun's Battles  Conj           100%       2d15      0%          5
j - Fireball              Conj/Fire      64%        3d24      1%          5

Your spell library contained the following spells:

 Spells                   Type           Power      Damage    Failure   Level
 Fire Storm               Conj/Fire      64%        8d16      54%         9
 Foxfire                  Conj/Fire      100%       2x1d9     0%          1
 Magic Dart               Conj           100%       1d8       0%          1
 Shock                    Conj/Air       100%       1d9       0%          1
 Passwall                 Tmut/Erth      100%       N/A       0%          2
 Searing Ray              Conj           100%       2d8       0%          2
 Dazzling Flash           Conj/Hex       100%       N/A       0%          3
 Mephitic Cloud           Conj/Pois/Air  100%       N/A       0%          3
 Stone Arrow              Conj/Erth      100%       3d13      0%          3
 Airstrike                Air            69%        2d(10-26) 0%          4
 Leda's Liquefaction      Hex/Erth       67%        N/A       0%          4
 Arcjolt                  Conj/Air       72%        1d82      0%          5
 Lee's Rapid Deconstruct  Erth           79%        3d35*     0%          5
 Iron Shot                Conj/Erth      77%        9d14      0%          6
 Apportation              Tloc           100%       N/A       1%          1
 Beastly Appendage        Tmut           100%       N/A       1%          1
 Necrotise                Necr           100%       1d9       1%          1
 Slow                     Hex            100%       N/A       1%          1
 Sting                    Tmut/Pois      100%       1d8       1%          1
 Summon Small Mammal      Summ           100%       N/A       1%          1
 Ensorcelled Hibernation  Hex/Ice        100%       N/A       1%          2
 Lesser Beckoning         Tloc           100%       N/A       1%          2
 Poisonous Vapours        Pois/Air       100%       N/A       1%          2
 Scorch                   Fire           100%       2d9       1%          2
 Wereblood                Tmut           82%        N/A       1%          2
 Call Canine Familiar     Summ           67%        N/A       1%          3
 Confusing Touch          Hex            94%        N/A       1%          3
 Gell's Gravitas          Tloc           94%        N/A       1%          3
 Ignite Poison            Fire/Tmut/Pois 84%        N/A       1%          3
 Inner Flame              Hex/Fire       96%        N/A       1%          3
 Portal Projectile        Hex/Tloc       100%       N/A       1%          3
 Spider Form              Tmut/Pois      75%        N/A       1%          3
 Summon Guardian Golem    Hex/Summ       82%        N/A       1%          3
 Teleport Other           Tloc           94%        N/A       1%          3
 Tukima's Dance           Hex            94%        N/A       1%          3
 Vampiric Draining        Necr           67%        2d10      1%          3
 Vhi's Electric Charge    Tloc/Air       100%       N/A       1%          3
 Volatile Blastmotes      Fire/Tloc      100%       2d18      1%          3
 Anguish                  Hex/Necr       41%        N/A       1%          4
 Flame Wave               Conj/Fire      100%       2d21      1%          4
 Fulminant Prism          Conj/Hex       63%        3d26      1%          4
 Olgreb's Toxic Radiance  Pois           67%        N/A       1%          4
 Petrify                  Tmut/Erth      100%       N/A       1%          4
 Sticky Flame             Conj/Fire      100%       2d11      1%          4
 Yara's Violent Unravell  Hex/Tmut       44%        3d17      1%          5
 Conjure Ball Lightning   Conj/Air       72%        3x3d27    1%          6
 Starburst                Conj/Fire      64%        6d17      1%          6
 Orb of Destruction       Conj           75%        9d17      1%          7
 Animate Dead             Necr           67%        N/A       3%          4
 Summon Ice Beast         Ice/Summ       67%        N/A       3%          4
 Blade Hands              Tmut           41%        N/A       4%          5
 Summon Forest            Summ/Tloc      41%        N/A       4%          5
 Summon Mana Viper        Hex/Summ       82%        N/A       4%          5
 Alistair's Intoxication  Tmut/Pois      50%        N/A       7%          5
 Chain Lightning          Conj/Air       72%        3d96      10%         9
 Agony                    Necr           67%        N/A       11%         5
 Eringya's Noxious Bog    Tmut/Pois      37%        N/A       11%         6
 Death Channel            Necr           33%        N/A       52%         6
 Simulacrum               Ice/Necr       33%        N/A       52%         6
 Summon Cactus Giant      Summ           33%        N/A       52%         6
 Enfeeble                 Hex            47%        N/A       54%         7
 Ozocubu's Refrigeration  Ice            33%        4d14      58%         7
 Ignition                 Fire           49%        3d14      58%         8
 Haunt                    Necr/Summ      33%        N/A       97%         7
 Monstrous Menagerie      Summ           33%        N/A       97%         7
 Summon Hydra             Summ           33%        N/A       97%         7
 Discord                  Hex            47%        N/A       99%         8
 Borgnjor's Revivificati  Necr           33%        N/A       100%        8
 Infestation              Necr           33%        N/A       100%        8
 Necromutation            Tmut/Necr      37%        N/A       100%        8
 Death's Door             Necr           33%        N/A       100%        9
 Polar Vortex             Ice            33%        N/A       100%        9
 Sublimation of Blood     Necr           Unusable   N/A       N/A         2
 Statue Form              Tmut/Erth      Unusable   N/A       N/A         6

Dungeon Overview and Level Annotations

Branches:
Dungeon (15/15)            Temple (1/1) D:5            Lair (5/5) D:9
  Swamp (4/4) Lair:2        Snake (4/4) Lair:2        Slime (0/5) Lair:4
    Orc (2/2) D:9             Elf (0/3) Orc:2        Vaults (5/5) D:14
  Crypt (0/3) Vaults:3     Depths (4/4) D:15            Zot (5/5) Depths:4
 Bailey (visited)           IceCv (visited)

Altars:
Ashenzari
Cheibriados
Elyvilon
Gozag
Hepliaklqana
Kikubaaqudgha
Makhleb
Nemelex Xobeh
Okawaru
Qazlal
Ru
Sif Muna
Trog
Uskayaw
Vehumet
Wu Jian
Xom
Zin
The Shining One
Jiyva

Shops:
D:4 :   D:5 *   D:6 =(   D:7 [**   D:12 *   Orc:2 !?=(   Snake:3 *   Vaults:3 ?
Vaults:4 =   Zot:2 *   Depths:1 *(?   Depths:2 (

Portals:
Hell: Depths:1 Depths:2 Depths:3 Depths:4
Abyss: Swamp:4 Depths:1 Depths:2 Depths:3
Pandemonium: Depths:2
Ziggurat: Depths:4

Annotations:
D:3 1 runed translucent door, Crazy Yiuf
Swamp:4 2 transporters, arghonaut's ghost, adept HOMo
Zot:5 32 runed doors


Innate Abilities, Weirdness & Mutations

You are immune to sickness and miasma.
Your stone body is resilient. (AC +20)
You are immune to poison.
Your large and strong wings let you fly.
You resist negative energy. (rN+)
You are resistant to electric shocks. (rElec)
You are resistant to unholy torment.
You are immune to petrification.
You sometimes lose your temper in combat.
Your mind is acute. (Int +4, Str/Dex -1)
You occasionally shout uncontrollably at your foes.
You are weak. (Str -2)


Message History

The dungeon rumbles!
Ka-crash!
Casting: Shatter (dangerous; 1% risk of failure)
Confirm with . or Enter, or press ? or * to list all spells.
You feel a surge of power!
The dungeon rumbles!
The Tzitzimitl is heavily wounded.
Ka-crash!
You feel a surge of power!
The crystal spear hits the Tzitzimitl!!!!
You kill the Tzitzimitl!
Vehumet accepts your kill.
You feel your power returning.
HP restored.
There is a stone staircase leading up here.
You start resting.
A reaper comes into view. It is wielding a +2 scythe of freezing.
You fly upwards.
There is a stone staircase leading down here.
There is a stone staircase leading down here.
Magic restored.
Things that are here:
a +0 ring mail; a +0 flail
There is a stone staircase leading up here.
You fly upwards.
Level annotation: 1 runed translucent door, Crazy Yiuf
There is a stone staircase leading down here.
There is a stone staircase leading up here.
You fly upwards.
There is a stone staircase leading down here.
You yell at the hellephant!
A hellephant comes into view.
There is a stone staircase leading up here.
You fly upwards.
There is a stone staircase leading down here.
There is a stone staircase leading down here.
You see here a +0 dagger.
You reach down and open the door.
There is an open door here.
There is a staircase leading out of the dungeon here.
You have escaped!

.'.......................'.......
.####........##.###...####.......
## ##.##.##.##......## ##...... #
#.......######.## ##.....
####.#### #.# ##...# #.# ####.#
##+## #.######....# #.#
#.#.........## #.##
#.#.....@....# ##.##
#.#..........# ####...#
#.#..........# #.......
#########.#....8.....# ###.#.....
..........#...♣......###...)...##
###########.................#..##
#.........####.####..##
#.........# #.####..##
########### #.......##


There were no monsters in sight!

Vanquished Creatures
  5 ancient liches
  A dread lich (Zot:5)
  2 orbs of fire (Zot:5)
  Josephina (Zot:2)
  Sojobo (Depths:3)
  Boris (Depths:3)
  8 Killer Klowns (Zot:5)
  Saint Roka (Snake:2)
  Vashnia (Snake:2)
  Bai Suzhen (Snake:4)
  3 curse toes
  Nikola (Swamp:2)
  9 golden dragons
  A bone dragon (Vaults:3)
  2 doom hounds (Zot:3)
  2 Tzitzimimeh
  3 electric golems
  A Brimstone Fiend (Zot:3)
  A Hell Sentinel (D:8)
  11 tentacled monstrosities
  Grunn (Zot:3)
  4 liches
  10 Orb Guardians
  Mlioglotl (Snake:2)
  The ghost of Moagi the Champion of Chaos, an adept GnSk of Makhleb (Vaults:2)
  A walking divine tome (Depths:3)
  Asterion (Snake:3)
  An Ice Fiend (Zot:5)
  5 quicksilver dragons
  4 titans (Vaults:5)
  11 death cobs
  Gastronok (Lair:2)
  2 sphinxes
  7 tengu reavers
  Roxanne (Swamp:2)
  6 shadow dragons
  A thorn hunter (Swamp:4)
  12 storm dragons
  An azure jelly (Swamp:4)
  3 draconian knights
  4 draconian monks
  5 nagarajas
  3 deep elf sorcerers (Vaults:5)
  3 frost giants
  An iron dragon (Depths:3)
  Louise (Depths:3)
  19 vault wardens
  6 fire giants
  2 angels
  3 ghost moths
  2 ghouls (Swamp:4)
  2 orc warlords
  3 draconian scorchers
  Aizul (Snake:1)
  3 draconian annihilators
  4 war gargoyles
  26 ironbound preservers
  A spriggan defender (Depths:2)
  2 cacodemons
  A draconian stormcaller (Zot:3)
  6 draconian shifters
  18 very ugly things
  6 ironbound thunderhulks
  The ghost of 00Nightcrawler the Fighter, a journeyman VSTm of Dithmenos (D:13)
  6 eleionomae
  3 vampire knights
  A deep elf demonologist (Vaults:3)
  15 green draconians
  15 dire elephants
  12 yellow draconians
  The ghost of MarshyFox the Slayer, a journeyman GrFi of Nemelex Xobeh (Swamp:1)
  16 stone giants
  3 bunyips
  8 red draconians
  13 purple draconians
  7 black draconians
  Snorg (D:13)
  12 white draconians
  The ghost of Kubamp the Thaumaturge, a journeyman DEAE of Sif Muna (Lair:3)
  8 ettins
  2 shambling mangroves
  7 great orbs of eyes
  3 deep elf high priests
  A hell beast (Zot:5)
  2 entropy weavers (Vaults:4)
  19 yaktaur captains
  A great orb of eyes (shapeshifter) (Vaults:5)
  5 fire dragons
  42 vault guards
  12 hydras
  3 peacekeepers
  Erolcha (Orc:2)
  5 salamander tyrants
  A catoblepas (Lair:5)
  9 ironbound frosthearts
  3 ogre magi
  A rakshasa (Depths:3)
  8 ice dragons
  2 spriggan air magi
  9 anacondas
  11 centaur warriors
  Erica (D:8)
  A ghost crab (Swamp:2)
  5 two-headed ogres
  13 alligators
  3 dancing weapons
  A deep troll earth mage (Depths:2)
  5 deep troll shamans
  3 boulder beetles
  12 naga warriors
  Urug (D:13)
  3 vampire magi
  4 tengu warriors
  Nergalle (Orc:1)
  26 naga sharpshooters
  4 spriggan berserkers
  10 shock serpents
  17 hell knights
  A deep elf knight (Swamp:4)
  A fire crab (Lair:5)
  A spectral catoblepas (Lair:3)
  A spectral death yak (Lair:3)
  4 iron trolls
  2 sixfirhies
  Amaemon (Lair:2)
  2 sea snakes (Snake:2)
  5 salamander mystics
  A goliath frog (shapeshifter) (Vaults:2)
  A death drake (shapeshifter) (Vaults:5)
  Lodul (D:11)
  86 deep trolls
  4 goliath frogs
  3 spriggan druids
  9 naga ritualists
  An orb spider (shapeshifter) (Vaults:5)
  6 swamp dragons
  5 bog bodies
  2 sphinx zombies
  16 ironbound convokers
  9 wizards
  A shadow dragon zombie (Vaults:5)
  A deep elf archer (Swamp:4)
  15 lindwurms
  8 phantasmal warriors
  12 orc knights
  4 harpies (Vaults:5)
  An orange crystal statue (IceCv)
  A steelbarb worm (shapeshifter) (Vaults:5)
  A deep elf pyromancer (D:13)
  8 mana vipers
  A wolf spider zombie (D:9)
  13 salamanders
  8 necromancers
  A frost giant zombie (Vaults:5)
  A shadow dragon skeleton (Depths:3)
  38 ugly things
  A sphinx skeleton (Depths:2)
  A glowing shapeshifter (Vaults:5)
  A manticore (D:14)
  2 orc sorcerers
  A moth of wrath (shapeshifter) (Vaults:5)
  4 will-o-the-wisps
  5 cyclopes
  A tengu skeleton (Depths:3)
  4 centaur zombies (D:9)
  15 moths of wrath
  2 iron dragon skeletons
  36 black mambas
  An elf zombie (Vaults:4)
  15 vault sentinels
  24 naga magi
  8 guardian serpents
  2 water nymphs (Swamp:2)
  A centaur skeleton (D:9)
  8 cane toads
  A torpor snail (Lair:5)
  A kobold demonologist (Depths:1)
  6 orange demons
  29 yaktaurs
  3 unseen horrors
  23 rime drakes
  An efreet (D:14)
  7 freezing wraiths
  6 komodo dragons
  5 tengu conjurers
  3 meliai (D:14)
  6 trolls
  2 bloated husks (Swamp:4)
  17 hornets
  A queen bee (Lair:2)
  21 polar bears
  2 hellwings (D:9)
  7 tyrant leeches
  Prince Ribbit (D:9)
  A blink frog (shapeshifter) (Vaults:5)
  Grinder (D:3)
  A tyrant leech (shapeshifter) (Vaults:5)
  2 raiju (Swamp:4)
  A sphinx simulacrum (Depths:3)
  18 blink frogs
  10 slime creatures
  An ettin zombie (Vaults:4)
  4 centaur simulacra (D:15)
  2 spectral black mambas (Lair:3)
  2 shadows
  4 wraiths
  A ynoxinul (D:8)
  21 spriggans
  62 yaks
  12 basilisks
  A jumping spider (Vaults:4)
  7 wyverns
  A yak (shapeshifter) (Vaults:5)
  A spectral komodo dragon (Lair:3)
  A death yak simulacrum (Lair:3)
  7 swamp worm simulacra (Swamp:4)
  A steam dragon (D:9)
  4 vampire mosquitoes (Swamp:2)
  A purple draconian simulacrum (Zot:2)
  A red draconian simulacrum (Zot:2)
  A black draconian simulacrum (Zot:2)
  8 wargs
  A spectral cane toad (Lair:3)
  2 swamp worms (shapeshifter)
  A white draconian simulacrum (Zot:2)
  16 water moccasins
  59 nagas
  16 hydra simulacra (Swamp:4)
  12 swamp worms
  3 acid dragons
  2 floating eyes (Depths:2)
  A moth of wrath simulacrum (Zot:2)
  An ice beast (shapeshifter) (Vaults:5)
  3 sky beasts
  3 swamp drakes (Swamp:4)
  50 orc warriors
  A black mamba simulacrum (Lair:3)
  4 ice beasts
  6 black bears
  19 ogres
  4 boggarts (Lair:5)
  29 wolves
  9 centaurs
  4 kobold brigands
  2 gnoll sergeants
  10 bullfrogs
  A glowing shapeshifter simulacrum (Vaults:5)
  2 necrophages (Swamp:4)
  2 scorpions
  A hornet simulacrum (D:15)
  8 wights
  A killer bee (shapeshifter) (Depths:2)
  34 killer bees
  2 howler monkeys (D:9)
  2 electric eels (Snake:2)
  3 hounds (Lair:2)
  20 orc priests
  5 jellies
  A human simulacrum (Vaults:4)
  2 gnoll boudas
  4 sleepcaps
  Jessica (D:3)
  2 iguanas
  14 hell rats
  A boggart skeleton (D:9)
  23 orc wizards
  28 gnolls
  4 adders
  3 shadow imps (D:9)
  3 white imps
  An ufetubus (D:5)
  A swamp drake simulacrum (Swamp:4)
  2 worms
  2 dart slugs
  94 orcs
  4 bats
  9 endoplasms
  7 giant cockroaches
  23 goblins
  15 hobgoblins
  5 jackals
  18 kobolds
  3 quokkas
  7 ball pythons
  13 rats
  6 plants (Depths:3)
  A starspawn tentacle (Snake:2)
1995 creatures vanquished.

Vanquished Creatures (collateral kills)
  Mennas (Vaults:3)
  A golden dragon (Depths:3)
  2 Brimstone Fiends
  2 tentacled monstrosities
  12 Orb Guardians
  2 death cobs (Zot:2)
  A draconian monk (Zot:5)
  A draconian knight (Zot:1)
  A fire giant (Depths:3)
  A cacodemon (D:10)
  3 stone giants (Depths:1)
  A yellow draconian (Zot:5)
  A white draconian (Depths:4)
  2 ettins (Depths:2)
  A fire dragon (Depths:1)
  An ice dragon (Depths:3)
  A centaur warrior (Vaults:2)
  2 deep troll earth magi
  A tengu warrior (Depths:1)
  A hell knight (Depths:3)
  A vampire mage (Depths:1)
  An iron troll (Depths:1)
  A sixfirhy (Zot:5)
  3 deep trolls
  2 glowing orange brains
  2 phantasmal warriors (Depths:1)
  3 moths of wrath
  2 slime creatures (D:14)
  A black mamba (Snake:2)
  An orange demon (Depths:1)
  A tengu conjurer (Depths:1)
  An ice devil (Zot:5)
  A water elemental (Depths:4)
  An ogre (Snake:2)
  A nameless horror (Zot:2)
60 creatures vanquished.

Vanquished Creatures (others)
  A will-o-the-wisp (Swamp:4)
  A black mamba (Snake:4)
  A tyrant leech (Swamp:4)
  17 foxfires
  90 fulminant prisms
  41 fungi
  102 plants
  2 starspawn tentacles (Snake:2)
  2 withered plants (D:9)
257 creatures vanquished.

Grand Total: 2312 creatures vanquished

Notes
Turn   | Place    | Note
-------+----------+-------------------------------------------
     0 | D:1      | Draconius the Gargoyle Conjurer began the quest for the
                  | Orb.
     0 | D:1      | Reached XP level 1. HP: 10/10 MP: 3/3
   210 | D:1      | Reached XP level 2. HP: 15/15 MP: 3/5
   213 | D:1      | Learned a level 2 spell: Searing Ray
   688 | D:1      | Reached skill level 5 in Conjurations
   953 | D:1      | Reached XP level 3. HP: 19/19 MP: 3/6
  1866 | D:2      | Reached XP level 4. HP: 24/24 MP: 3/7
  1903 | D:2      | Found an ancient bone altar of Kikubaaqudgha.
  2140 | D:2      | Reached skill level 1 in Translocations
  2143 | D:2      | Reached skill level 1 in Fighting
  2167 | D:2      | Reached XP level 5. HP: 29/29 MP: 1/9
  2601 | D:2      | Learned a level 4 spell: Iskenderun's Mystic Blast
  2838 | D:3      | Noticed Grinder
  2841 | D:3      | Noticed Jessica
  2871 | D:3      | Killed Jessica
  3018 | D:3      | Paralysed by Grinder for 5 turns
  3081 | D:3      | Paralysed by Grinder for 4 turns
  3086 | D:3      | Killed Grinder
  3087 | D:3      | Reached skill level 2 in Fighting
  3087 | D:3      | Reached XP level 6. HP: 35/35 MP: 3/11
  3222 | D:3      | Noticed Ijyb
  3234 | D:3      | Ijyb changed into Ijyb the giant cockroach
  3234 | D:3      | Noticed Ijyb
  3235 | D:3      | Killed Ijyb the giant cockroach
  3346 | D:3      | Found a runed translucent door.
  3347 | D:3      | Noticed Crazy Yiuf
  3499 | D:3      | Reached XP level 7. HP: 40/40 MP: 5/12
  4051 | D:4      | You fall into a shaft and drop 3 floors!
  4117 | D:6      | Found Xemaprets's Antique Weapon Boutique.
  4121 | D:5      | Entered Level 5 of the Dungeon
  4214 | D:5      | Reached skill level 1 in Hexes
  4336 | D:4      | Found Naejik's Book Emporium.
  4742 | D:4      | Reached skill level 3 in Fighting
  5499 | D:5      | Found a radiant altar of Vehumet.
  5509 | D:5      | Became a worshipper of Vehumet
  5627 | D:5      | Found a staircase to the Ecumenical Temple.
  5634 | Temple   | Entered the Ecumenical Temple
  5815 | D:5      | Reached XP level 8. HP: 46/46 MP: 7/13
  5893 | D:5      | Found Uxegh's Assorted Antiques.
  5904 | D:5      | Found a shimmering altar of Xom.
  6051 | D:5      | Identified the +1 pair of gloves of Tender Moments {Harm}
  6772 | D:6      | Found Umetad's Jewellery Shop.
  6794 | D:6      | Reached skill level 4 in Fighting
  6821 | D:6      | Noticed a yak
  6848 | D:6      | Killed a yak
  6958 | D:6      | Learned a level 4 spell: Fulminant Prism
  6988 | D:6      | Noticed a yak
  6989 | D:6      | Noticed a yak
  7015 | D:6      | Killed a yak
  7016 | D:6      | Killed a yak
  7017 | D:6      | Reached XP level 9. HP: 52/52 MP: 1/16
  7255 | D:6      | Reached skill level 5 in Fighting
  7255 | D:6      | Reached skill level 5 in Spellcasting
  8155 | D:7      | Noticed a troll
  8227 | D:7      | Killed a troll
  8382 | D:7      | Reached skill level 6 in Fighting
  8382 | D:7      | Reached skill level 1 in Armour
  8382 | D:7      | Reached skill level 10 in Conjurations
  8574 | D:7      | Found a glowing silver altar of Zin.
  8750 | D:7      | Noticed a brown ugly thing
  8780 | D:7      | Killed a brown ugly thing
  8780 | D:7      | Reached * piety under Vehumet
  8780 | D:7      | Offered knowledge of Shock by Vehumet.
  8781 | D:7      | Reached XP level 10. HP: 41/61 MP: 1/18
  9096 | D:7      | Found Zoicanad's Assorted Antiques.
  9097 | D:7      | Found Gemuba's Armour Shop.
  9098 | D:7      | Found Xeyfitib's General Store.
  9393 | D:6      | Bought an amulet of magic regeneration for 360 gold pieces
  9552 | D:8      | Noticed a two-headed ogre
  9570 | D:8      | Killed a two-headed ogre
  9827 | D:8      | Noticed Erica
  9842 | D:8      | Killed Erica
  9843 | D:8      | Reached skill level 7 in Fighting
  9870 | D:8      | Found a white marble altar of Elyvilon.
 10121 | D:8      | Offered knowledge of Scorch by Vehumet.
 10121 | D:8      | Reached ** piety under Vehumet
 10509 | D:9      | Found a staircase to the Orcish Mines.
 10516 | D:9      | Found a sparkling altar of Nemelex Xobeh.
 10517 | D:9      | Noticed Prince Ribbit
 10524 | D:9      | Killed Prince Ribbit
 10665 | D:9      | Found a flagged portal.
 10674 | Bailey   | Entered a bailey
 10714 | Bailey   | Reached XP level 11. HP: 68/68 MP: 10/21
 10787 | Bailey   | Offered knowledge of Volatile Blastmotes by Vehumet.
 10897 | Bailey   | Reached *** piety under Vehumet
 10902 | Bailey   | Reached skill level 1 in Evocations
 10944 | Bailey   | Noticed an orc warlord
 10999 | Bailey   | Killed an orc warlord
 11000 | Bailey   | Reached skill level 8 in Fighting
 11051 | Bailey   | Identified the +2 trident of Volobila {heavy, rPois}
 11094 | Bailey   | Reached skill level 9 in Fighting
 11094 | Bailey   | Reached XP level 12. HP: 76/76 MP: 21/24
 11128 | D:9      | Offered knowledge of Mephitic Cloud by Vehumet.
 11136 | D:9      | Learned a level 3 spell: Mephitic Cloud
 11175 | D:9      | Found a staircase to the Lair.
 11193 | D:9      | Found a hazy altar of Hepliaklqana.
 11291 | D:9      | Reached **** piety under Vehumet
 11313 | D:9      | Reached skill level 10 in Fighting
 11313 | D:9      | Reached skill level 15 in Conjurations
 11313 | D:9      | Reached XP level 13. HP: 78/83 MP: 24/26
 11477 | D:9      | Found a sacrificial altar of Ru.
 11527 | D:9      | Found a hide-covered altar of Uskayaw.
 11585 | D:9      | Found an ornate altar of the Wu Jian Council.
 11782 | D:9      | Found an ancient bone altar of Kikubaaqudgha.
 11836 | D:10     | Entered Level 10 of the Dungeon
 12387 | Lair:1   | Entered Level 1 of the Lair of Beasts
 12451 | Lair:1   | Offered knowledge of Hailstorm by Vehumet.
 12459 | Lair:1   | Reached skill level 11 in Fighting
 12764 | Lair:1   | Learned a level 5 spell: Freezing Cloud
 13310 | Lair:2   | Noticed Gastronok
 13395 | Lair:2   | Killed Gastronok
 13396 | Lair:2   | Gained mutation: Your large and strong wings let you fly.
                  | [Gargoyle growth]
 13396 | Lair:2   | Reached XP level 14. HP: 90/90 MP: 17/27
 13400 | Lair:2   | Reached skill level 10 in Spellcasting
 13472 | Lair:2   | Found a staircase to the Swamp.
 13479 | Lair:2   | Reached skill level 5 in Evocations
 13538 | Lair:2   | Identified the +5 falchion "Egra" {drain, Stlth+}
 13732 | Lair:2   | Noticed Amaemon
 13741 | Lair:2   | Killed Amaemon
 13795 | Lair:2   | Reached ***** piety under Vehumet
 13828 | Lair:2   | Found a staircase to the Snake Pit.
 13906 | Lair:2   | Offered knowledge of Ozocubu's Refrigeration by Vehumet.
 14235 | Lair:3   | Reached skill level 12 in Fighting
 14518 | Lair:3   | Found a runed translucent gate.
 14519 | Lair:3   | Found a runed translucent gate.
 14519 | Lair:3   | Found a runed translucent gate.
 14531 | Lair:3   | Noticed Kubamp's ghost (journeyman DEAE)
 14557 | Lair:3   | Got the Almanac of Debased Liturgies
 15068 | Lair:3   | Learned a level 6 spell: Starburst
 15084 | Lair:3   | Killed Kubamp's ghost
 15085 | Lair:3   | Reached skill level 1 in Fire Magic
 15110 | Lair:3   | Learned a level 5 spell: Irradiate
 15456 | Lair:4   | Found a viscous altar of Jiyva.
 15456 | Lair:4   | Found a staircase to the Slime Pits.
 15699 | Lair:4   | Offered knowledge of Conjure Ball Lightning by Vehumet.
 15801 | Lair:5   | Entered Level 5 of the Lair of Beasts
 15899 | Lair:5   | Reached XP level 15. HP: 97/97 MP: 15/30
 16154 | Lair:5   | Reached skill level 5 in Fire Magic
 16179 | Lair:5   | Reached skill level 13 in Fighting
 16404 | Lair:5   | Reached skill level 1 in Shields
 16903 | Lair:5   | Offered knowledge of Iskenderun's Battlesphere by Vehumet.
 16910 | Lair:5   | Learned a level 5 spell: Iskenderun's Battlesphere
 17404 | D:5      | Bought a scroll of identify for 44 gold pieces
 17404 | D:5      | Bought a wand of iceblast (3) for 158 gold pieces
 17404 | D:5      | Bought a tapered fluorescent wand for 88 gold pieces
 17404 | D:5      | Bought a potion of curing for 66 gold pieces
 17567 | D:11     | Noticed Lodul
 17575 | D:11     | Killed Lodul
 18981 | D:12     | Found Batav's Pet Rocks.
 18984 | D:12     | Reached skill level 1 in Transmutations
 19380 | D:13     | Noticed Snorg
 19389 | D:13     | Killed Snorg
 19428 | D:13     | Identified the +9 whip of the Doomed Warrior {flame, *Slow
                  | rElec Dex+4 SInv}
 19484 | D:13     | Noticed Urug
 19488 | D:13     | Killed Urug
 19678 | D:13     | Offered knowledge of Fireball by Vehumet.
 19810 | D:13     | Found a runed translucent gate.
 19810 | D:13     | Found a runed translucent gate.
 19811 | D:13     | Found a runed translucent gate.
 19838 | D:13     | Noticed 00Nightcrawler's ghost (journeyman VSTm)
 19920 | D:13     | Reached skill level 5 in Shields
 19924 | D:13     | Killed 00Nightcrawler's ghost
 19978 | D:13     | Identified the +4 dagger "Raodiqirph" {protect, *Corrode
                  | rPois Str+2 Int+3}
 20250 | D:14     | Found a gate to the Vaults.
 20256 | D:14     | Reached XP level 16. HP: 102/105 MP: 19/32
 20360 | D:14     | Found a radiant altar of Vehumet.
 20884 | D:15     | Entered Level 15 of the Dungeon
 20973 | D:15     | Reached skill level 14 in Fighting
 21063 | D:15     | Found a staircase to the Depths.
 21302 | D:15     | Found a frozen archway.
 21312 | IceCv    | Entered an ice cave
 22209 | D:15     | Learned a level 5 spell: Fireball
 22829 | Snake:1  | Entered Level 1 of the Snake Pit
 22852 | Snake:1  | Noticed Aizul
 22856 | Snake:1  | Offered knowledge of Lee's Rapid Deconstruction by Vehumet.
 22859 | Snake:1  | Reached XP level 17. HP: 75/112 MP: 9/34
 22913 | Snake:1  | Killed Aizul
 22928 | Snake:1  | Reached skill level 1 in Earth Magic
 23411 | Snake:1  | Reached skill level 10 in Shields
 23588 | Snake:2  | Noticed Mlioglotl
 23681 | Snake:2  | Noticed Vashnia
 23698 | Snake:2  | Reached skill level 15 in Fighting
 23757 | Snake:2  | Killed Vashnia
 23758 | Snake:2  | Reached skill level 5 in Earth Magic
 23877 | Snake:2  | Noticed Saint Roka
 23895 | Snake:2  | Killed Saint Roka
 24001 | Snake:2  | Noticed a lich
 24001 | Snake:2  | Noticed a tentacled starspawn
 24018 | Snake:2  | Killed Mlioglotl
 24191 | Snake:2  | Reached ****** piety under Vehumet
 24335 | Snake:2  | Offered knowledge of Plasma Beam by Vehumet.
 24386 | Snake:2  | You are sucked into a shaft and drop 1 floor!
 24389 | Snake:3  | Noticed Asterion
 24694 | Snake:3  | Noticed an Executioner
 24705 | Snake:3  | Killed Asterion
 24865 | Snake:3  | Found Zuit's Neck Hole.
 24873 | Snake:3  | Reached XP level 18. HP: 117/120 MP: 26/36
 25337 | Snake:3  | Reached skill level 10 in Earth Magic
 25599 | Snake:3  | Reached skill level 16 in Fighting
 25882 | Snake:4  | Entered Level 4 of the Snake Pit
 25988 | Snake:4  | Noticed Bai Suzhen
 26017 | Snake:4  | Killed Bai Suzhen
 26569 | Snake:4  | Offered knowledge of Maxwell's Capacitive Coupling by
                  | Vehumet.
 26606 | Snake:4  | Reached skill level 15 in Spellcasting
 26847 | Snake:4  | Got a serpentine rune of Zot
 27332 | D:12     | Bought the Secrets of Clay for 598 gold pieces
 27342 | D:12     | Learned a level 8 spell: Lehudib's Crystal Spear
 27354 | D:12     | Learned a level 8 spell: Maxwell's Capacitive Coupling
 27444 | Orc:1    | Entered Level 1 of the Orcish Mines
 27444 | Orc:1    | Noticed Nergalle
 27450 | Orc:1    | Killed Nergalle
 27582 | Orc:2    | Entered Level 2 of the Orcish Mines
 27594 | Orc:2    | Noticed Erolcha
 27601 | Orc:2    | Killed Erolcha
 27901 | Orc:2    | Found Myck's Weapon Shoppe.
 27901 | Orc:2    | Found Liribrue's Jewellery Shop.
 28095 | Orc:2    | Found a staircase to the Elven Halls.
 28257 | Orc:2    | Found Wielou Beha's Distillery.
 28265 | Orc:2    | Offered knowledge of Fire Storm by Vehumet.
 28265 | Orc:2    | Offered knowledge of Chain Lightning by Vehumet.
 28265 | Orc:2    | Offered knowledge of Ignition by Vehumet.
 28286 | Orc:2    | Found Cyratwy's Magic Scroll Shoppe.
 28290 | Orc:2    | Reached XP level 19. HP: 127/127 MP: 34/38
 28315 | Orc:2    | Bought a scroll of acquirement for 624 gold pieces
 28315 | Orc:2    | Bought a scroll of blinking for 90 gold pieces
 28315 | Orc:2    | Bought 3 scrolls of teleportation for 108 gold pieces
 28315 | Orc:2    | Bought a scroll of magic mapping for 90 gold pieces
 28315 | Orc:2    | Bought a scroll of poison for 48 gold pieces
 28315 | Orc:2    | Bought a scroll of poison for 48 gold pieces
 28315 | Orc:2    | Bought a scroll of fog for 48 gold pieces
 28315 | Orc:2    | Bought a scroll of teleportation for 36 gold pieces
 28339 | Orc:2    | Acquired 955 gold pieces
 29061 | Swamp:1  | Entered Level 1 of the Swamp
 29073 | Swamp:1  | Reached skill level 17 in Fighting
 29650 | Swamp:1  | Found a runed translucent door.
 29674 | Swamp:1  | Found a shimmering altar of Xom.
 29674 | Swamp:1  | Noticed MarshyFox's ghost (journeyman GrFi)
 29706 | Swamp:1  | Killed MarshyFox's ghost
 29767 | Swamp:1  | Got Sif Muna's Volume of Combative Despair
 29828 | Swamp:2  | Noticed Nikola
 29836 | Swamp:2  | Killed Nikola
 29986 | Swamp:2  | Noticed Roxanne
 29992 | Swamp:2  | Killed Roxanne
 30491 | Swamp:3  | Noticed a tentacled monstrosity
 30497 | Swamp:3  | Killed a tentacled monstrosity
 30498 | Swamp:3  | Reached skill level 15 in Earth Magic
 30804 | Swamp:3  | Found a hazy altar of Hepliaklqana.
 31026 | Swamp:3  | Learned a level 9 spell: Shatter
 31027 | Swamp:4  | Entered Level 4 of the Swamp
 31384 | Swamp:4  | Found a transporter.
 31507 | Swamp:4  | Noticed arghonaut's ghost (adept HOMo)
 31741 | Swamp:4  | Noticed a hellephant
 31768 | Swamp:4  | Found a transporter.
 31962 | Swamp:4  | Found a one-way gate to the infinite horrors of the Abyss.
 32174 | Swamp:4  | Got a decaying rune of Zot
 32561 | Vaults:1 | Entered Level 1 of the Vaults
 32590 | Vaults:1 | Reached skill level 18 in Fighting
 32590 | Vaults:1 | Reached XP level 20. HP: 126/136 MP: 32/40
 33938 | Vaults:1 | Identified the +5 battleaxe of Demand {flame, Drain rElec
                  | Int+6 SInv}
 34255 | Vaults:1 | Identified the +1 robe of Wiha Rui {+Inv}
 34862 | Vaults:2 | Reached XP level 21. HP: 108/143 MP: 29/41
 35038 | Vaults:2 | Reached skill level 19 in Fighting
 35995 | Vaults:2 | Found a runed translucent door.
 36415 | Vaults:2 | Noticed Moagi's ghost (adept GnSk)
 36425 | Vaults:2 | Killed Moagi's ghost
 37304 | Vaults:3 | Found a radiant altar of Vehumet.
 37305 | Vaults:3 | Found the +2 hat of the Bear Spirit {Spirit, Bear, *Rage
                  | Will++}
 37338 | Vaults:3 | Identified the +0 robe "Gieptafi" {rF+ MP+9 Int-2}
 37583 | Vaults:3 | Noticed Mennas
 37620 | Vaults:3 | Killed Mennas
 37875 | Vaults:3 | Noticed a bone dragon
 37886 | Vaults:3 | Killed a bone dragon
 37928 | Vaults:3 | Found a staircase to the Crypt.
 37992 | Vaults:3 | You are sucked into a shaft and drop 1 floor!
 38267 | Vaults:3 | Found Geocuk Tiaj's Magic Scroll Shoppe.
 38270 | Vaults:3 | Bought a scroll of teleportation for 51 gold pieces
 38270 | Vaults:3 | Bought 2 scrolls of butterflies for 136 gold pieces
 38270 | Vaults:3 | Bought a scroll of teleportation for 51 gold pieces
 38270 | Vaults:3 | Bought a scroll of blinking for 127 gold pieces
 39261 | Vaults:4 | Reached XP level 22. HP: 124/151 MP: 20/43
 40155 | Vaults:4 | Found Rehi's Jewellery Emporium.
 40164 | Vaults:4 | Bought the ring of the Open Hand {Will+ MP+9 Str+4 Stlth+}
                  | for 657 gold pieces
 40193 | Vaults:4 | Found the +3 hat of Pondering {ponderous, Will+ MP+10
                  | Int+5}
 40204 | Vaults:4 | Identified the +1 ring mail of the Minstrel {Stlth+}
 40844 | Vaults:5 | Entered Level 5 of the Vaults
 40846 | Vaults:5 | Reached skill level 20 in Fighting
 40856 | Vaults:5 | Reached skill level 10 in Evocations
 40987 | Vaults:5 | Identified the ring of Incredulity {Drain *Slow Will+++
                  | MP+9 Stlth+}
 40989 | Vaults:5 | Identified the ring of Heresy {+Blink Fly Will- Int+6}
 40991 | Vaults:5 | Noticed an ancient lich
 40993 | Vaults:5 | Noticed a golden dragon
 40994 | Vaults:5 | Killed an ancient lich
 41225 | Vaults:5 | HP: 1/153 [golden dragon/bolt of cold (16)]
 41589 | Vaults:5 | Reached XP level 23. HP: 97/158 MP: 45/45
 41590 | Vaults:5 | Killed a golden dragon
 41873 | Vaults:5 | Identified the +9 great mace "Dragonslayer" {venom, rC+
                  | Int+2 Stlth+}
 42071 | Vaults:5 | Noticed an ancient lich
 42072 | Vaults:5 | Killed an ancient lich
 42337 | Vaults:5 | Reached skill level 21 in Fighting
 42600 | Vaults:5 | Reached skill level 5 in Dodging
 42687 | Vaults:5 | Identified the ring of Fapikat {Will+ Str+6 Int+3}
 42890 | Vaults:5 | Identified the staff of earth "Juggakasu" {rElec Will+}
 42896 | Vaults:5 | Got a silver rune of Zot
 42898 | Vaults:5 | Got the Verses on the Metallic Sixfirhy
 42906 | Vaults:5 | Identified the +1 morningstar of the Vestibule of Hell
                  | {elec, rPois rN+++ Str-5 Dex-2}
 42912 | Vaults:5 | Identified the staff of poison "Lahot" {Fragile rPois rN+
                  | Dex+3}
 43168 | Vaults:5 | Identified the +2 pair of boots of Zajac {rPois}
 43222 | Vaults:5 | Identified the +2 pair of boots of Tidusok {rF+ Int+3}
 43318 | Vaults:5 | Identified the +8 broad axe "Cifaseb" {elec, Int+3}
 43637 | D:15     | Learned a level 7 spell: Spellforged Servitor
 43641 | D:15     | Learned a level 3 spell: Swiftness
 43643 | Depths:1 | Entered Level 1 of the Depths
 43753 | Depths:1 | Reached skill level 1 in Air Magic
 43795 | Depths:1 | Found Voes's Magic Scroll Boutique.
 43801 | Depths:1 | Bought a scroll of teleportation for 45 gold pieces
 43801 | Depths:1 | Bought a scroll of teleportation for 45 gold pieces
 43801 | Depths:1 | Bought a scroll of blinking for 112 gold pieces
 43819 | Depths:1 | Found a glowing silver altar of Zin.
 44008 | Depths:1 | Found Kiodef's Antique Weapon Boutique.
 44098 | Depths:1 | Found Voederix's General Store.
 44232 | Depths:1 | Bought a wand of quicksilver (5) for 210 gold pieces
 44232 | Depths:1 | Bought a scroll of butterflies for 40 gold pieces
 44415 | Depths:1 | Found a gateway to Hell.
 44560 | Depths:1 | Found a glowing golden altar of the Shining One.
 44982 | Depths:2 | Paralysed by a floating eye for 3 turns
 45152 | Depths:2 | Found a shimmering altar of Xom.
 45238 | Depths:2 | Reached XP level 24. HP: 166/166 MP: 46/46
 45268 | Depths:2 | Found a one-way gate leading to the halls of Pandemonium.
 45282 | Depths:2 | Found a white marble altar of Elyvilon.
 45510 | Depths:2 | Found Ezuhum's Antique Weapon Boutique.
 46132 | Depths:3 | Reached XP level 25. HP: 172/172 MP: 46/46
 46212 | Depths:3 | Noticed Boris
 46215 | Depths:3 | Killed Boris
 46234 | Depths:3 | Noticed Sojobo
 46239 | Depths:3 | Killed Sojobo
 46419 | Depths:3 | Noticed Louise
 46422 | Depths:3 | Killed Louise
 46533 | Depths:3 | Found a burning altar of Makhleb.
 46768 | Depths:3 | Found a glowing golden altar of the Shining One.
 47019 | Depths:4 | Entered Level 4 of the Depths
 47117 | Depths:4 | Found a one-way gateway to a ziggurat.
 47309 | Depths:4 | Reached skill level 22 in Fighting
 47911 | Depths:4 | Found a gate to the Realm of Zot.
 48210 | Zot:1    | Entered Level 1 of the Realm of Zot
 48682 | Zot:1    | Reached skill level 10 in Air Magic
 49569 | Zot:2    | Found Ceun's Changing Room.
 49586 | Zot:2    | Identified the ring "Dawnairgh" {Ice rPois Str+2 Stlth-}
 49586 | Zot:2    | Noticed Josephina
 49589 | Zot:2    | Killed Josephina
 49645 | Zot:2    | Reached XP level 26. HP: 165/180 MP: 40/47
 49683 | Zot:2    | Bought a potion of mutation for 176 gold pieces
 50600 | Zot:3    | Noticed Grunn
 50605 | Zot:3    | Killed Grunn
 50622 | Zot:3    | Reached skill level 23 in Fighting
 52623 | Zot:5    | Entered Level 5 of the Realm of Zot
 52891 | Zot:5    | Found a huge runed gate.
 52891 | Zot:5    | Found a huge runed gate.
 52891 | Zot:5    | Found a huge runed gate.
 52892 | Zot:5    | Found a huge runed gate.
 52892 | Zot:5    | Found a huge runed gate.
 52893 | Zot:5    | Found a huge runed gate.
 52893 | Zot:5    | Found a huge runed gate.
 52964 | Zot:5    | Found a huge runed gate.
 52964 | Zot:5    | Found a huge runed gate.
 52964 | Zot:5    | Found a huge runed gate.
 52964 | Zot:5    | Found a huge runed gate.
 52964 | Zot:5    | Found a huge runed gate.
 52964 | Zot:5    | Found a huge runed gate.
 52964 | Zot:5    | Found a huge runed gate.
 53024 | Zot:5    | Found a huge runed gate.
 53024 | Zot:5    | Found a huge runed gate.
 53025 | Zot:5    | Found a huge runed gate.
 53025 | Zot:5    | Found a huge runed gate.
 53027 | Zot:5    | Found a huge runed gate.
 53028 | Zot:5    | Found a huge runed gate.
 53028 | Zot:5    | Found a huge runed gate.
 53028 | Zot:5    | Found a huge runed gate.
 53029 | Zot:5    | Found a huge runed gate.
 53029 | Zot:5    | Found a huge runed gate.
 53030 | Zot:5    | Found a huge runed gate.
 53031 | Zot:5    | Found a huge runed gate.
 53032 | Zot:5    | Found a huge runed gate.
 53033 | Zot:5    | Found a huge runed gate.
 53034 | Zot:5    | Found a huge runed gate.
 53042 | Zot:5    | Found a huge runed gate.
 53042 | Zot:5    | Found a huge runed gate.
 53043 | Zot:5    | Found a huge runed gate.
 53116 | Zot:5    | Noticed an orb of fire
 53117 | Zot:5    | Gained mutation: You occasionally shout uncontrollably at
                  | your foes. [an orb of fire]
 53118 | Zot:5    | Gained mutation: You sometimes lose your temper in combat.
                  | [an orb of fire]
 53122 | Zot:5    | Killed an orb of fire
 53134 | Zot:5    | Noticed a Killer Klown
 53264 | Zot:5    | Killed a Killer Klown
 53336 | Zot:5    | Noticed a Killer Klown
 53336 | Zot:5    | Noticed a dread lich
 53337 | Zot:5    | Killed a dread lich
 53343 | Zot:5    | Noticed an ancient lich
 53346 | Zot:5    | Killed a Killer Klown
 53347 | Zot:5    | Killed an ancient lich
 53386 | Zot:5    | Reached XP level 27. HP: 188/188 MP: 47/47
 53408 | Zot:5    | Noticed an ancient lich
 53411 | Zot:5    | Killed an ancient lich
 53455 | Zot:5    | Noticed an ancient lich
 53457 | Zot:5    | Killed an ancient lich
 53634 | Zot:5    | Noticed an orb of fire
 53639 | Zot:5    | Killed an orb of fire
 53640 | Zot:5    | Reached skill level 24 in Fighting
 53662 | Zot:5    | Got the Orb of Zot
 53944 | Depths:1 | Gained mutation: Your mind is acute. (Int +4, Str/Dex -1)
                  | [a cacodemon]
 54074 | D:10     | Gained mutation: You are weak. (Str -2) [a cacodemon]
 54076 | D:10     | Reached skill level 15 in Air Magic
 54099 | D:9      | Noticed Hiss the pandemonium lord
 54532 | D:$      | Escaped with the Orb!

Illustrated notes

Levels and vault maps discovered:
D:1:      wander_arrival_lonely_grave, layout_loops_corners, minmay_tall_x
D:2:      layout_rooms, basic_altar
D:3:      layout_rooms, minmay_misc_feat_x, uniq_jessica, uniq_ijyb,
          uniq_crazy_yiuf_cottage, uniq_grinder
D:4:      layout_cave_pods, serial_shops, nicolae_shop_tiny_glass
D:5:      layout_loops_cross, mainiacjoe_overflow_cross_hatched,
          vehumet_altar_wand_db, minmay_temple_entry_junction_2, serial_shops,
          nicolae_shop_overgrown_old_shop
D:6:      layout_cave_pools, serial_shops, nicolae_shop_crystal,
          nicolae_shop_waterfront, due_unseen_surprise
D:7:      layout_basic, mainiacjoe_overflow_surrounded_room,
          serial_bayou_ford_a, nicolae_shop_distant_corner_stores,
          minmay_fractal_squares_diagonal_5
D:8:      layout_basic, mainiacjoe_overflow_concentric_impassable, minmay_holes,
          uniq_erica
D:9:      cheibrodos_grave_circle, layout_small_grid, old_standard_altar,
          dancing_weapons_uskayaw, nzn_wu_jian_council_hall,
          nemelex_xobeh_ov_fountains_minmay,
          mainiacjoe_overflow_six_doors_small, nicolae_overflow_crystal_walls,
          erik_lair_orcish_takeover, enter_bailey_8, uniq_prince_ribbit1
D:10:     layout_roguey
D:11:     layout_basic, uniq_lodul
D:12:     layout_roguey, guppyfry_shop_earth
D:13:     layout_cave_pools, gammafunk_ghost_spectres, minmay_misc_feat_chi,
          glass_columns_c, uniq_urug, uniq_snorg
D:14:     layout_irregular_city, erik_vaults_1, lemuel_tele_altar
D:15:     grunt_enter_depths_giant_problem, layout_stronghold,
          serial_bayou_lagoon_a, serial_ice, serial_ice_b, serial_ice_e,
          serial_ice_h, serial_ice_k, portal_ice_cave_entry_dragon
Temple:   nicolae_temple_x_marks_the_god
Lair:1:   layout_cellular_growth
Lair:2:   beast_lair_carwin_large_1, layout_cave_shapes,
          skrybe_swamp_entry_bodies, nicolae_snake_entry_squirm, special_room
          [special_room_bee], uniq_gastronok, uniq_amaemon
Lair:3:   layout_cave_pods, gammafunk_ghost_necromancy
Lair:4:   layout_gridlike, dpeg_slime_entry_enclosed
Lair:5:   minmay_lair_end_enchanted_forest, layout_loops_ring, special_room
          [special_room_mythical_zoo]
Swamp:1:  layout_falls_marsh, ebering_ghost_xom, infiniplex_staircase_pool_2
Swamp:2:  layout_falls_marsh, serial_swamp_ruin, evilmike_swamp_ruin_house_1,
          evilmike_swamp_ruin_house_3, evilmike_swamp_ruin_house_4, swamp_pool1,
          nicolae_swamp_nymph_family_reunion, uniq_roxanne, uniq_nikola
Swamp:3:  layout_falls_marsh, nicolae_swamp_godswood, infiniplex_staircase_pool
Swamp:4:  swamp_icy, layout_basic_swamp, gammafunk_ghost_abyssal_escape,
          nicolae_swamp_round_clearing, swamp_pool5, beargit_elvish_explorers
Snake:1:  layout_layer_cave, uniq_aizul
Snake:2:  nicolae_snake_shooting_gallery, layout_rooms, uniq_vashnia,
          uniq_mlioglotl, uniq_saint_roka
Snake:3:  layout_honeycomb, nicolae_shop_sticking_my_neck_out,
          grunt_megastairs_4, serial_bayou_shore_b, uniq_asterion
Snake:4:  johnstein_snake_rune_scales, layout_cave_town, uniq_bai_suzhen
Orc:1:    layout_caves, basic_altar, uniq_nergalle
Orc:2:    st_orc_town, layout_diamond_mine, basic_altar,
          nicolae_orc_crystal_geode, uniq_erolcha
Vaults:1: v_rooms_5, hangedman_vaults_snaps, nicolae_vaults_enemy_cabinets,
          ontoclasm_vaults_shuriken, hangedman_vaults_trim,
          hangedman_vaults_trim, nicolae_vaults_tangram_2, nicolae_vaults_heist,
          nicolae_vaults_stepped_doors, layout_vaults_omnicross
Vaults:2: ebering_ghost_reflecting_pool, nicolae_vaults_disappearing_quadrants,
          v_misc_27, grunt_vaults_swirl, vaults_dpeg_cross,
          ontoclasm_vaults_tryst, hangedman_vaults_hat, hangedman_vaults_maws,
          nicolae_vaults_twisting_passages, v_pattern_4,
          nicolae_vaults_hallways_thing, nicolae_vaults_little_squares_3,
          ontoclasm_vaults_ring_small, vaults_mumra_chevron_long,
          ontoclasm_vaults_twist, v_misc_15, layout_vaults_maze
Vaults:3: grunt_tower_of_power, ontoclasm_vaults_misaligned,
          minmay_crypt_entry_nasty_monster,
          vaults_standard_mumra_enter_the_diamond,
          nicolae_vaults_offset_grid_hallway_2, hangedman_vaults_capsules,
          vaults_mumra_hexcomb, vaults_dpeg_diagonal,
          nicolae_vaults_tetromino_T_1, vaults_room_pools,
          layout_vaults_chaotic_city, serial_shops, nicolae_shop_rolled_up,
          uniq_mennas
Vaults:4: v_misc_22, grunt_vaults_hallway_long, nicolae_vaults_mitosis,
          v_misc_9, nicolae_vaults_layer_cake_slice,
          nicolae_vaults_sightless_eye, nicolae_vaults_tetromino_T_1,
          nicolae_vaults_tetromino_Z_1, layout_vaults_omnigrid, serial_shops,
          shop
Vaults:5
Depths:1: layout_cave_shapes, marbit_kobold_abyss_entry,
          nicolae_tso_carved_into_rock, serial_shops,
          nicolae_shop_back_alley_shop, shop, nicolae_square_shop, hell_entry,
          serial_sigils_hangedman_confine, hangedman_abyss_or_decor_clamps,
          zin_scriptorium
Depths:2: minmay_inside_and_out, layout_long_grid, serial_sigils_hangedman_etch,
          abyss_entry_small_statue_room, serial_rivers,
          chequers_serial_rivers_large_b, chequers_serial_rivers_small_b,
          chequers_serial_rivers_small_a, chequers_serial_rivers_micro_a,
          chequers_serial_rivers_large_a, chequers_serial_rivers_small_b,
          serial_shops, nicolae_shop_dealshenge, hell_entry, pan_entry,
          hangedman_feature_mirror, kennysheep_generic_room_11
Depths:3: kennysheep_room_grid, layout_cave_pools, grunt_metal_band,
          nicolae_abyss_entry_one_way_or_another, serial_bayou_pond_a,
          nzn_life_drinkers, infiniplex_staircase_trident, uniq_boris,
          uniq_sojobo
Depths:4: grunt_zot_entry_hairpin, layout_gridlike, enter_ziggurat_f,
          pf_coc_iceberg
Zot:1:    layout_basic, grunt_megastairs_2
Zot:2:    layout_gridville, hangedman_zot_decor_unnerving_road,
          nicolae_transmutations_shop, uniq_josephina
Zot:3:    layout_twisted_circle, uniq_grunn
Zot:4:    layout_gridlike
Zot:5:    layout_basic, st_stairs_9, door_vault

Skill      XL: |  1  2  3  4  5  6  7  8  9 10 11 12 13 14 15 16 17 18 19 20 21 22 23 24 25 26 27 |
---------------+----------------------------------------------------------------------------------+-----
Conjurations   | 5 6 7 8 10 12 13 15 16 17 18 19 | 19.0
Translocations | 1 2 3 4 |  4.0
Fighting       | 1 2 3 4 6 7 9 10 11 12 13 14 15 16 18 19 20 21 22 23 24 | 24.2
Spellcasting   | 3 4 5 6 8 9 11 12 13 14 15 16 17 18 19 20 21 | 21.4
Hexes          | 1 3 4 |  4.0
Dodging        | 2 3 5 |  5.0
Armour         | 2 4 |  4.0
Evocations     | 4 6 7 9 10 | 10.0
Fire Magic     | 4 5 |  5.0
Shields        | 5 9 10 | 10.0
Transmutations | 2 |  2.0
Earth Magic    | 9 13 16 19 20 22 23 | 23.0
Air Magic      | 6 7 11 13 15 | 15.1
Stealth        | |  2.1

Action                     |  1- 3 |  4- 6 |  7- 9 | 10-12 | 13-15 | 16-18 | 19-21 | 22-24 | 25-27 || total
---------------------------+-------+-------+-------+-------+-------+-------+-------+-------+-------++-------
  Melee: Unarmed           |     4 |       |       |       |       |       |       |       |       ||     4
         Dagger            |     6 |    11 |    30 |       |       |    45 |    20 |     7 |       ||   119
         Short sword       |     3 |       |       |       |       |       |       |       |       ||     3
         Punch             |       |     1 |     2 |     2 |     2 |       |       |       |       ||     7
         Scimitar          |       |       |       |    30 |     3 |       |       |       |       ||    33
         Trident           |       |       |       |       |   187 |       |       |       |       ||   187
         Whip              |       |       |       |       |       |       |       |     2 |     3 ||     5
  Throw: Throwing net      |       |       |     1 |     1 |       |     1 |       |       |       ||     3
         Dart              |       |       |       |     3 |       |       |       |       |       ||     3
   Cast: Magic Dart        |    74 |    51 |    63 |    30 |       |     6 |       |       |       ||   224
         Searing Ray       |     7 |    16 |    41 |    10 |       |       |       |       |       ||    74
         Fulminant Prism   |       |       |    20 |    52 |    17 |     1 |       |       |       ||    90
         Iskenderun's Myst |       |       |    10 |    52 |   315 |   451 |   455 |    86 |    28 ||  1397
         Freezing Cloud    |       |       |       |       |    43 |    63 |    67 |    20 |     8 ||   201
         Starburst         |       |       |       |       |    39 |    16 |       |       |       ||    55
         Irradiate         |       |       |       |       |    16 |    19 |    15 |       |     2 ||    52
         Iskenderun's Batt |       |       |       |       |     3 |    52 |   100 |    11 |     2 ||   168
         Fireball          |       |       |       |       |       |    22 |   125 |    38 |     1 ||   186
         Mephitic Cloud    |       |       |       |       |       |     3 |       |       |       ||     3
         Lehudib's Crystal |       |       |       |       |       |       |    17 |    45 |   173 ||   235
         Shatter           |       |       |       |       |       |       |     2 |    88 |   139 ||   229
         Spellforged Servi |       |       |       |       |       |       |       |     9 |    47 ||    56
         Maxwell's Capacit |       |       |       |       |       |       |       |       |     4 ||     4
  Evoke: Wand              |       |     3 |     2 |     3 |     2 |     5 |     3 |       |       ||    18
         Box of beasts     |       |       |       |       |       |     2 |     2 |       |       ||     4
         Phial of floods   |       |       |       |       |       |       |     1 |       |       ||     1
         Phantom mirror    |       |       |       |       |       |       |     1 |       |       ||     1
         Lightning rod     |       |       |       |       |       |       |       |       |     4 ||     4
    Use: Scroll            |       |       |    11 |     1 |    19 |    10 |     3 |     1 |     5 ||    50
         Potion            |       |       |       |     3 |       |     5 |     3 |     2 |     1 ||    14
   Stab: Sleeping          |       |       |       |       |     2 |       |       |       |       ||     2
 Armour: Robe              |    10 |     4 |    34 |       |       |       |    12 |    51 |    96 ||   207
         Troll leather arm |       |       |     2 |    83 |   223 |   203 |    72 |       |       ||   583
         Ring mail         |       |       |       |       |       |       |     8 |       |       ||     8
  Dodge: Dodged            |    19 |    13 |    62 |    71 |   168 |   112 |    64 |    43 |    64 ||   616
  Block: Kite shield       |       |       |       |       |    28 |   234 |   109 |    28 |       ||   399
         Buckler           |       |       |       |       |     8 |       |       |    12 |    37 ||    57
